 Dungeon Crawl Stone Soup version 0.31-a0-1549-g5ff9445e89 (webtiles) character file.

Game seed: 17230870371156432695

4415 grandjackal the Covert (level 10, 0/63 HPs)
             Began as a Vampire Earth Elementalist on Jan 3, 2024.
             Was a Believer of Dithmenos.
             Slain by a yak (14 damage)
             ... on level 9 of the Dungeon.
             The game lasted 00:15:41 (7971 turns).

grandjackal the Covert (Vampire Earth Elementalist) Turns: 7971, Time: 00:15:41

Health: 0/63       AC:  7    Str:  7    XL:     10   Next: 14%
Magic:  3/22       EV: 12    Int: 18    God:    Dithmenos [**....]
Gold:   480        SH:  0    Dex: 19    Spells: 5/13 levels left

rFire   . . .        z - +2 dagger (vamp)
rCold   + . .        (no shield)
rNeg    . . .        E - +0 steam dragon scales
rPois   .            h - +1 helmet {SInv}
rElec   .            (no cloak)
rCorr   .            (no gloves)
SInv    +            (no boots)
Will    +....        (no amulet)
Stlth   ++++++       i - ring of protection from cold
HPRegen 0.50/turn    s - ring of magical power
MPRegen 0.18/turn

%: no passive effects
@: healing quickly, wreathed by umbra
A: alive, fangs 3, see invisible, vampiric 2
a: Exsanguinate, Renounce Religion, Shadow Step


You were on level 9 of the Dungeon.
You worshipped Dithmenos.
Dithmenos was pleased with you.
You visited 2 branches of the dungeon, and saw 10 of its levels.

You collected 480 gold pieces.

Inventory:

Hand Weapons
 c - a +0 dagger
 v - a +0 rapier
 z - a +2 vampiric dagger (weapon)
 D - a +2 short sword of speed
Missiles
 e - a throwing net
 I - a curare-tipped dart
Armour
 h - a +1 helmet of see invisible (worn)
 E - +0 steam dragon scales (worn)
Jewellery
 i - a ring of protection from cold (left hand)
 n - a ring of protection from cold
 s - a ring of magical power (right hand)
 G - a +6 ring of strength
 H - a ring of fire
Wands
 a - a wand of paralysis (9)
 k - a wand of flame (5)
 o - a wand of mindburst (15)
Scrolls
 f - 2 scrolls of fear
 g - a scroll of poison
 j - a scroll of fog
 q - 2 scrolls of immolation {unknown}
 r - 5 scrolls of teleportation
 t - a scroll of vulnerability {unknown}
 w - 2 scrolls of revelation {unknown}
 x - a scroll of enchant weapon {unknown}
 y - a scroll of amnesia
 F - a scroll of blinking
Potions
 b - a potion of magic
 d - 3 potions of enlightenment
 l - 3 potions of brilliance
 m - 2 potions of berserk rage
 p - a potion of lignification
 u - a potion of mutation
 A - 3 potions of haste
 B - a potion of heal wounds
 C - a potion of resistance


   Skills:
 + Level 8.2 Short Blades
 - Level 2.1 Dodging
 + Level 12.1 Stealth
 - Level 2.0 Spellcasting
 - Level 1.0 Conjurations
 + Level 8.2 Earth Magic
 + Level 7.2 Alchemy


You had 5 spell levels left.
You knew the following spells:

 Your Spells              Type           Power      Damage    Failure   Level
a - Sandblast             Erth           62%        2d14      1%          1
b - Passwall              Erth           31%        N/A       1%          3
c - Petrify               Alch/Erth      29%        N/A       8%          4

Your spell library contained the following spells:

 Spells                   Type           Power      Damage    Failure   Level
 Stone Arrow              Conj/Erth      36%        3d9       9%          3
 Brom's Barrelling Bould  Conj/Erth      18%        2d4       26%         4


Dungeon Overview and Level Annotations

Branches:
Dungeon (9/15)             Temple (1/1) D:6            Lair (0/5) D:9
    Orc: D:9-12

Altars:
Ashenzari
Cheibriados
Dithmenos
Fedhas
Gozag
Hepliaklqana
Makhleb
Nemelex Xobeh
Okawaru
Qazlal
Sif Muna
Trog
Uskayaw
Wu Jian
Xom
Yredelemnul

Shops:
D:1 [*

Annotations:
D:7 3 runed translucent doors, Serpentrepent's ghost, novice GrEE


Innate Abilities, Weirdness & Mutations

Your natural rate of healing is accelerated.
You have razor-sharp teeth.
You have supernaturally acute eyesight. (SInv)
You are afflicted with vampirism and can become a bat while bloodless.


Message History

The yak is moderately wounded.
The yak gores you.
You hit the yak.
You feel better.
The yak is moderately wounded.
You hit the yak.
You feel better.
The yak is heavily wounded.
The yak gores you!
You hit the yak. You bite the yak, but do no damage.
The yak is heavily wounded.
You hit the yak.
You feel better.
Your punch misses the yak.
The yak is severely wounded.
The yak gores you!
You hit the yak. You bite the yak, but do no damage.
The yak is severely wounded.
The yak closely misses you.
You barely miss the yak.
The yak is severely wounded.
You hit the yak.
You feel better.
The yak is severely wounded.
The yak gores you!
You barely miss the yak.
The yak is severely wounded.
You hit the yak.
You feel better.
You bite the yak.
The yak is almost dead.
The yak gores you!
You hit the yak but do no damage.
The yak is almost dead.
The yak gores you!
* * * LOW HITPOINT WARNING * * *
You hit the yak but do no damage.
The yak is almost dead.
You hit the yak but do no damage.
The yak is almost dead.
The yak barely misses you.
You hit the yak but do no damage.
The yak is almost dead.
You hit the yak but do no damage.
The yak is almost dead.
The yak gores you!
You die...

#..............#
#..............# ...#
#..............# ..+
#..............# ...# .
#....###..####.# ..##+P
#....####'# ##+#.....
#......#oo#######..#.....
#......#Y##.....##.#.....
#......#@#.......#.).....
#......#.....>..((.#.....
#......#..8.....8).#.....
#.....##..........##...<.
#<....##....8.8..#...))##
#)...............#.....#
#..........'.....#.....#
#..........#.....#.....#
#..........#.....#.....#


You could see a yak and 2 orcs.

Vanquished Creatures
  A hornet (D:9)
  Grinder (D:5)
  Sigmund (D:3)
  8 yaks
  A steam dragon (D:7)
  2 acid dragons (D:8)
  2 orc warriors (D:7)
  An ice beast (D:6)
  An ogre (D:6)
  A wolf (D:9)
  A phantom (D:5)
  Blork the orc (D:6)
  A kobold brigand (D:9)
  4 bullfrogs
  2 gnoll sergeants
  2 scorpions
  5 orc priests
  3 hounds
  3 jellies
  Terence (D:3)
  A gnoll bouda (D:4)
  7 orc wizards
  A scorpion zombie (D:3)
  6 iguanas
  3 sleepcaps
  A hound skeleton (D:3)
  14 gnolls
  8 adders
  2 ufetubi (D:5)
  An adder zombie (D:3)
  3 adder skeletons (D:3)
  A ribbon worm (D:4)
  3 dart slugs
  21 orcs
  5 bats
  6 endoplasms
  3 giant cockroaches
  7 goblins
  6 hobgoblins
  10 jackals
  5 quokkas
  6 ball pythons
  2 ball python skeletons (D:3)
  A ball python zombie (D:3)
  8 frilled lizards
  16 kobolds
  5 rats
194 creatures vanquished.

Vanquished Creatures (others)
  A hornet (D:6)
1 creature vanquished.

Grand Total: 195 creatures vanquished

Notes
Turn   | Place    | Note
-------+----------+-------------------------------------------
     0 | D:1      | grandjackal the Vampire Earth Elementalist began the quest
                  | for the Orb.
     0 | D:1      | Reached XP level 1. HP: 13/13 MP: 3/3
   113 | D:1      | Reached skill level 1 in Conjurations
   133 | D:1      | Found Rofiv's Armour Boutique.
   142 | D:1      | Reached XP level 2. HP: 12/19 MP: 5/5
   315 | D:1      | Reached skill level 1 in Short Blades
   348 | D:1      | Found a faded altar of an unknown god.
   351 | D:1      | Found Pedafir's Assorted Antiques.
   413 | D:1      | Gained mutation: You are afflicted with vampirism and can
                  | become a bat while bloodless. [Vampire growth]
   413 | D:1      | Reached XP level 3. HP: 23/24 MP: 6/6
   426 | D:1      | Reached skill level 4 in Stealth
   709 | D:1      | Learned a level 3 spell: Passwall
  1030 | D:2      | Reached XP level 4. HP: 30/30 MP: 7/7
  1494 | D:2      | Identified a scroll of acquirement
  1496 | D:2      | Acquired a +1 helmet of see invisible
  1534 | D:3      | Noticed Sigmund
  1559 | D:3      | Killed Sigmund
  1560 | D:3      | Reached skill level 6 in Stealth
  1560 | D:3      | Reached XP level 5. HP: 24/35 MP: 0/8
  1741 | D:3      | Noticed Terence
  1792 | D:3      | Learned a level 4 spell: Petrify
  1924 | D:4      | Reached XP level 6. HP: 41/41 MP: 6/9
  2467 | D:3      | Reached skill level 1 in Alchemy
  2576 | D:3      | Found a shimmering blue altar of Sif Muna.
  2709 | D:3      | Killed Terence
  3138 | D:4      | Reached skill level 5 in Earth Magic
  3139 | D:4      | Reached XP level 7. HP: 46/46 MP: 10/10
  3268 | D:4      | Reached skill level 7 in Stealth
  3720 | D:5      | Entered Level 5 of the Dungeon
  3814 | D:5      | Noticed a +0 hand axe
  3815 | D:5      | Noticed a +0 hand axe
  3819 | D:5      | Found a hide-covered altar of Uskayaw.
  3854 | D:5      | Noticed Grinder
  3861 | D:5      | Paralysed by Grinder for 5 turns
  3875 | D:5      | Killed Grinder
  3996 | D:5      | Reached skill level 5 in Short Blades
  3999 | D:5      | Reached skill level 8 in Stealth
  4191 | D:5      | Reached XP level 8. HP: 23/52 MP: 11/11
  4739 | D:6      | Found a blossoming altar of Fedhas.
  4775 | D:6      | Found a burning altar of Makhleb.
  4958 | D:6      | Found a staircase to the Ecumenical Temple.
  4964 | Temple   | Entered the Ecumenical Temple
  4969 | Temple   | Became a worshipper of Dithmenos the Shadowed
  4985 | D:6      | Noticed a hornet
  4990 | D:6      | Killed a hornet
  5019 | D:6      | Reached skill level 9 in Stealth
  5342 | D:6      | Noticed Blork the orc
  5351 | D:6      | Killed Blork the orc
  5745 | D:7      | Reached skill level 5 in Alchemy
  5766 | D:7      | Reached * piety under Dithmenos
  5784 | D:7      | Reached skill level 10 in Stealth
  5784 | D:7      | Reached XP level 9. HP: 29/57 MP: 8/12
  6146 | D:7      | Found a runed translucent gate.
  6146 | D:7      | Found a runed translucent gate.
  6146 | D:7      | Found a runed translucent gate.
  6230 | D:7      | Identified the +0 chain mail "Xaogopea" {Will- Regen+ Str-3
                  | Dex+4}
  6280 | D:7      | Noticed Serpentrepent's ghost (novice GrEE)
  6354 | D:8      | Found a broken altar of Ashenzari.
  7298 | D:8      | Found a hazy altar of Hepliaklqana.
  7300 | D:8      | Found a faded altar of an unknown god.
  7375 | D:9      | Found a staircase to the Lair.
  7376 | D:9      | Reached skill level 11 in Stealth
  7379 | D:9      | Noticed a two-headed ogre
  7379 | D:9      | HP: 1/57 [wolf (3)]
  7886 | D:9      | Paralysed by a hornet for 2 turns
  7890 | D:9      | Reached XP level 10. HP: 62/63 MP: 6/13
  7937 | D:9      | Reached skill level 12 in Stealth
  7944 | D:9      | Reached ** piety under Dithmenos
  7971 | D:9      | Slain by a yak

Illustrated notes

Levels and vault maps discovered:
D:1:      ldierk_walled_garden_2, layout_rooms, serial_shops, shop,
          nicolae_shop_peninsula, basic_ecumenical_altar
D:2:      layout_basic
D:3:      layout_loops_ring, hellmonk_sif_muna_bookshelves, serial_undead,
          serial_undead_f, serial_undead_b, serial_undead_d, serial_undead_a,
          serial_undead_b, serial_undead_f, serial_undead_e, uniq_sigmund,
          uniq_terence
D:4:      layout_basic
D:5:      layout_cave_pools, dancing_weapons_uskayaw, uniq_grinder
D:6:      layout_rooms, lemuel_round_altar, overflow_temple_1_default,
          minmay_temple_entry_waves, lemuel_flame_loot_1, uniq_blork_the_orc
D:7:      layout_rooms, gammafunk_ghost_icy, dk_noncrumbling_4
D:8:      layout_basic, overflow_temple_1_default,
          beargit_hepliaklqana_dungeon_heroes, interstate_on_off,
          chequers_serial_rivers_small_b, nicolae_eternal_life
D:9:      layout_gridville, kennysheep_mini_moat, kiku_gazebo_garden_becter,
          erik_lair_orcish_takeover, grunt_ministairs_9, minmay_misc_feat_room
Temple:   nicolae_temple_bog_church

Skill      XL: |  1  2  3  4  5  6  7  8  9 10 |
---------------+-------------------------------+-----
Conjurations   | 1 |  1.0
Short Blades   | 1 2 3 4 5 6 8 |  8.2
Stealth        | 4 6 8 10 11 12 | 12.1
Earth Magic    | 4 5 6 8 |  8.2
Alchemy        | 2 3 5 7 |  7.2
Dodging        | |  2.1
Spellcasting   | |  2.0

Action                     |  1- 3 |  4- 6 |  7- 9 | 10-12 || total
---------------------------+-------+-------+-------+-------++-------
  Melee: Dagger            |   136 |   123 |    89 |    73 ||   421
         Bite              |    11 |    13 |    11 |    17 ||    52
         Punch             |     1 |     4 |       |     1 ||     6
   Cast: Sandblast         |    24 |    75 |   141 |     1 ||   241
         Passwall          |       |     5 |    17 |       ||    22
         Petrify           |       |       |    20 |     2 ||    22
Ability: Exsanguinate      |       |       |     1 |       ||     1
    Use: Scroll            |       |    11 |     7 |       ||    18
         Potion            |       |     1 |       |     1 ||     2
   Stab: Sleeping          |     1 |     9 |    22 |       ||    32
         Petrified         |       |       |    15 |     2 ||    17
         Petrifying        |       |       |     3 |     2 ||     5
 Armour: Robe              |    72 |   105 |    95 |       ||   272
         Steam dragon scal |       |       |    53 |    28 ||    81
  Dodge: Dodged            |   111 |   110 |    93 |    23 ||   337

Table legend: (Time is in decaauts)
 A = Elapsed time spent in this place.
 B = Non-inter-level travel time spent in this place.
 C = Inter-level travel time spent in this place.
 D = Time resting spent in this place.
 E = Time spent auto-exploring this place.
 F = Levels seen in this place.
 G = Mean time per level.
                   A        B        C        D        E       F      G
               +--------+--------+--------+--------+--------+-----+--------+
         Total |   8009 |   7766 |    243 |   1830 |   4088 |  10 |  800.9 |
       Dungeon |   7997 |   7754 |    243 |   1830 |   4088 |   9 |  888.6 |
        Temple |     11 |     11 |      0 |      0 |      0 |   1 |   11.0 |
               +--------+--------+--------+--------+--------+-----+--------+

Top non-repeatable levels by time:
     D:8: 1387 daAuts
     D:3: 1156 daAuts
     D:4: 1115 daAuts
     D:5: 971 daAuts
     D:6: 953 daAuts
     D:2: 816 daAuts
     D:1: 721 daAuts
     D:7: 638 daAuts
     D:9: 236 daAuts
  Temple: 11 daAuts
